 Dungeon Crawl Stone Soup version 0.25.1-2-g60ff931df9 (webtiles) character file.

Game seed: 16242432651024340661

869952 Johnny the Archmage (level 27, -1/211 HPs)
             Began as a Demigod Earth Elementalist on Oct 28, 2020.
             Slain by Mennas
             ... wielding a +0 eudemon blade of holy wrath
              (36 damage)
             ... while paralysed
             ... in Pandemonium.
             The game lasted 03:10:00 (94985 turns).

Johnny the Archmage (Demigod Earth Elementalist)   Turns: 94985, Time: 03:10:00

Health: -1/211     AC:  8    Str:  7      XL:     27
Magic:  69/70      EV:  2    Int: 37 (42) God:
Gold:   1322       SH:  0    Dex: 20      Spells: 2/80 levels left

rFire    + + +     SeeInvis +   R - staff of earth
rCold    . . .     Gourm    .   y - +1 buckler of Cloud Cover {Harm rCorr Dex+9 Stlth-}
rNeg     + + +     Faith    .   w - +2 robe {Archmagi}
rPois    +         Spirit   .   (helmet restricted)
rElec    +         Reflect  .   n - scarf {repulsion}
rCorr    +         Harm     +   U - +0 pair of gloves of Damp Surprise {rElec rPois rF+++ Int+2}
MR       ++...     Clarity  +   F - +0 pair of boots
Stlth    +.........             p - amulet of magic regeneration
HPRegen  0.45/turn              k - ring "Miala" {+Inv rPois MP+9 Int+3 SInv}
MPRegen  0.67/turn              x - ring of Poeh {+Fly rN+++ EV+4 Str-4 Dex-3}

@: paralysed, berserk cooldown, hasted and slowed, glowing, studying Fighting,
silenced, repel missiles
A: beak, horns 1, clarity, clumsy 1, high mp 1, sense surroundings 1, poison
resistance
}: 9/15 runes: serpentine, barnacled, slimy, silver, abyssal, demonic, glowing,
fiery, dark
a: Evoke Invisibility, Evoke Flight


You were in Pandemonium.
You were full.

You visited 9 branches of the dungeon, and saw 49 of its levels.
You visited Pandemonium 2 times, and saw 20 of its levels.
You visited the Abyss 1 time.
You visited 1 bazaar.
You also visited: Trove, Ice Cave and Wizlab.

You collected 12084 gold pieces.
You spent 10762 gold pieces at shops.

Inventory:

Hand Weapons
 c - the +9 falchion of Desperation {chaos, Str+7, unknown}
   (You found it in Pandemonium)

   Each time it hits an enemy it has a different, random effect.
   It affects your strength (+7).
Missiles
 b - 1101 stones (quivered)
Armour
 n - a scarf of repulsion (worn)
 w - a +2 robe of the Archmagi (worn)
 y - the +1 buckler of Cloud Cover (worn) {Harm rCorr Dex+9 Stlth-}
   (You bought it in a shop on level 2 of the Orcish Mines)

   It affects your dexterity (+9).
   It provides partial protection from all sources of acid and corrosion.
   It increases damage dealt and taken.
   It makes you less stealthy.
 E - the +1 kite shield of Soituux {Regen+ rCorr Int+4 Slay+3}
   (You found it on level 2 of the Abyss)

   It affects your intelligence (+4).
   It affects your accuracy and damage with ranged weapons and melee attacks
   (+3).
   It increases your rate of regeneration.
   It provides partial protection from all sources of acid and corrosion.
 F - a +0 pair of boots (worn)
 U - the +0 pair of gloves of Damp Surprise (worn) {rElec rPois rF+++ Int+2}
   (You bought it in a shop on level 2 of the Orcish Mines)

   It affects your intelligence (+2).
   It renders you almost immune to fire.
   It insulates you from electricity.
   It protects you from poison.
 X - a +2 helmet of intelligence
Magical Staves
 R - an uncursed staff of earth (weapon)
Jewellery
 a - the ring of the Empire {Wiz rPois rF+ rN+}
   (You bought it in a shop in a bazaar)

   [ring of wizardry]

   It improves your spell success rate.
   It protects you from fire.
   It protects you from poison.
   It protects you from negative energy.
 h - the ring of the Will of the Gods {rPois rF- MR+ Str+9 Int+6}
   (You found it in a treasure trove)

   [ring of intelligence]

   It affects your strength (+9).
   It affects your intelligence (+6).
   It makes you vulnerable to fire.
   It protects you from poison.
   It affects your resistance to hostile enchantments.
 k - the ring "Miala" (left hand) {+Inv rPois MP+9 Int+3 SInv}
   (You took it off a vault warden on level 5 of the Vaults)

   [ring of magical power]

   It affects your intelligence (+3).
   It protects you from poison.
   It affects your magic capacity (+9).
   It lets you see invisible.
   It lets you turn invisible.
 p - an amulet of magic regeneration (around neck)
 r - the ring of Kouzxusasm {rElec rPois rC+ Dex+4}
   (You found it on level 2 of the Lair of Beasts)

   [ring of protection from cold]

   It affects your dexterity (+4).
   It protects you from cold.
   It insulates you from electricity.
   It protects you from poison.
 s - an uncursed ring of fire
 x - the ring of Poeh (right hand) {+Fly rN+++ EV+4 Str-4 Dex-3}
   (You found it in a treasure trove)

   [ring of evasion]

   It affects your evasion (+4).
   It affects your strength (-4).
   It affects your dexterity (-3).
   It renders you almost immune to negative energy.
   It lets you fly.
 C - the amulet of Laazas {rPois Regen+ Str+4 SInv}
   (You found it in a treasure trove)

   [amulet of regeneration]

   It affects your strength (+4).
   It protects you from poison.
   It lets you see invisible.
   It increases your rate of regeneration.
 J - an uncursed ring of fire
 T - the ring of Moodiness {MR++ Int+6}
   (You found it in a treasure trove)

   [ring of intelligence]

   It affects your intelligence (+6).
   It affects your resistance to hostile enchantments.
Wands
 P - a wand of clouds (10)
 W - a wand of digging (11)
Scrolls
 f - 30 scrolls of remove curse
 g - 14 scrolls of teleportation
 l - 3 scrolls of vulnerability
 o - 3 scrolls of fear
 q - 11 scrolls of enchant armour
 z - 2 scrolls of identify
 I - 9 scrolls of immolation
 K - 8 scrolls of fog
 N - 6 scrolls of magic mapping
 S - 2 scrolls of holy word
Potions
 e - 13 potions of curing
 i - 15 potions of lignification
 j - 5 potions of resistance
 m - 6 potions of haste
 v - 7 potions of berserk rage
 A - 4 potions of cancellation
 B - 4 potions of flight
 D - 7 potions of might
 G - 10 potions of magic
 H - 3 potions of invisibility
 O - 10 potions of brilliance
 V - 5 potions of mutation
Books
 Q - a manual of Fighting
Miscellaneous
 u - a lightning rod (4/4)
 L - 5 phantom mirrors
 M - a phial of floods
 Y - a tin of tremorstones (3/3)
Comestibles
 d - 74 rations


   Skills:
 + Level 10.4 Fighting
 - Level 15.8 Armour
 - Level 10.2 Dodging
 - Level 1.7 Stealth
 - Level 11.0 Shields
 O Level 27 Spellcasting
 - Level 13.4 Conjurations
 * Level 4.6 Translocations
 - Level 0.8 Transmutations
 - Level 11.6 Fire Magic
 - Level 25.3 Earth Magic


You had 2 spell levels left.
You knew the following spells:

 Your Spells              Type           Power        Failure   Level  Hunger
a - Sandblast             Erth           ######       0%          1    None
b - Stone Arrow           Conj/Erth      ######       0%          3    None
c - Lee's Rapid Deconstr  Erth           #########.   0%          5    None
d - Petrify               Tmut/Erth      ########     1%          4    None
e - Blink                 Tloc           N/A          1%          2    None
f - Iron Shot             Conj/Erth      #########.   1%          6    None
g - Shatter               Erth           #########.   1%          9    #......
h - Leda's Liquefaction   Hex/Erth       ########..   1%          4    None
i - Starburst             Conj/Fire      ########..   1%          6    None
j - Fire Storm            Conj/Fire      ########..   92%         9    #......
k - Mephitic Cloud        Conj/Pois/Air  #######.     1%          3    None
l - Summon Butterflies    Summ           ######..     1%          1    None
m - Shroud of Golubria    Chrm/Tloc      ######       1%          2    None
n - Orb of Destruction    Conj           ########..   1%          7    None
o - Lehudib's Crystal Sp  Conj/Erth      #########.   1%          8    None
p - Controlled Blink      Tloc           N/A          98%         8    None

Your spell library contained the following spells:

 Spells                   Type           Power        Failure   Level  Hunger
 Foxfire                  Conj/Fire      ####         0%          1    None
 Magic Dart               Conj           ####         0%          1    None
 Passwall                 Tmut/Erth      ########     0%          2    None
 Animate Skeleton         Necr           N/A          1%          1    None
 Apportation              Tloc           ######       1%          1    None
 Beastly Appendage        Tmut           ######       1%          1    None
 Corona                   Hex            ######.      1%          1    None
 Freeze                   Ice            ####         1%          1    None
 Infusion                 Chrm           ####         1%          1    None
 Shock                    Conj/Air       ####         1%          1    None
 Sting                    Tmut/Pois      ####         1%          1    None
 Summon Small Mammal      Summ           ####         1%          1    None
 Poisonous Vapours        Pois/Air       ######       1%          2    None
 Slow                     Hex            ######..     1%          2    None
 Song of Slaying          Chrm           ######..     1%          2    None
 Sticks to Snakes         Tmut           ######..     1%          2    None
 Swiftness                Chrm/Air       ######..     1%          2    None
 Conjure Flame            Conj/Fire      ########     0%          3    None
 Bolt of Magma            Conj/Fire/Erth #########.   0%          5    None
 Call Canine Familiar     Summ           ######..     1%          3    None
 Confusing Touch          Hex            ######..     1%          3    None
 Frozen Ramparts          Ice            ######       1%          3    None
 Gell's Gravitas          Tloc           #######...   1%          3    None
 Ignite Poison            Fire/Tmut/Pois #######.     1%          3    None
 Inner Flame              Hex/Fire       #######.     1%          3    None
 Lesser Beckoning         Tloc           #######...   1%          3    None
 Ozocubu's Armour         Chrm/Ice       ######..     1%          3    None
 Portal Projectile        Hex/Tloc       ######       1%          3    None
 Spectral Weapon          Hex/Chrm       ######..     1%          3    None
 Spider Form              Tmut/Pois      ######....   1%          3    None
 Static Discharge         Conj/Air       #######.     1%          3    None
 Teleport Other           Tloc           #######.     1%          3    None
 Tukima's Dance           Hex            ######..     1%          3    None
 Fulminant Prism          Conj/Hex       #######...   1%          4    None
 Hailstorm                Conj/Ice       #######.     1%          4    None
 Passage of Golubria      Tloc           N/A          1%          4    None
 Fireball                 Conj/Fire      ########..   1%          5    None
 Iskenderun's Battlesphe  Conj/Chrm      #######.     1%          5    None
 Lightning Bolt           Conj/Air       #######...   1%          5    None
 Airstrike                Air            ######....   3%          4    None
 Cause Fear               Hex            ######....   3%          4    None
 Ice Form                 Ice/Tmut       ######..     3%          4    None
 Olgreb's Toxic Radiance  Pois           ######..     3%          4    None
 Summon Ice Beast         Ice/Summ       ######..     3%          4    None
 Summon Lightning Spire   Summ/Air       ######..     3%          4    None
 Conjure Ball Lightning   Conj/Air       #######...   3%          6    None
 Blade Hands              Tmut           ######....   8%          5    None
 Alistair's Intoxication  Tmut/Pois      ######..     9%          5    None
 Yara's Violent Unravell  Hex/Tmut       ######....   9%          5    None
 Dispersal                Tloc           #######...   9%          6    None
 Freezing Cloud           Conj/Ice/Air   #######...   10%         6    None
 Excruciating Wounds      Chrm/Necr      ######....   11%         5    None
 Metabolic Englaciation   Hex/Ice        ######....   11%         5    None
 Silence                  Hex/Air        ######....   11%         5    None
 Summon Mana Viper        Hex/Summ       ######..     11%         5    None
 Spellforged Servitor     Conj/Summ      #######...   21%         7    None
 Ignition                 Fire           ########..   22%         8    None
 Ring of Flames           Chrm/Fire      #######...   30%         7    None
 Invisibility             Hex            ######..     50%         6    None
 Chain Lightning          Conj/Air       #######...   85%         8    None
 Haunt                    Necr/Summ      ######....   97%         7    None
 Summon Hydra             Summ           ######....   97%         7    None
 Disjunction              Tloc           #######...   98%         8    None
 Borgnjor's Revivificati  Necr           ######....   100%        8    None
 Death's Door             Chrm/Necr      ######....   100%        8    None
 Infestation              Necr           ######....   100%        8    None
 Necromutation            Tmut/Necr      ######....   100%        8    None
 Absolute Zero            Ice            ######....   100%        9    #......
 Tornado                  Air            ######....   100%        9    #......


Dungeon Overview and Level Annotations

Branches:
Dungeon (15/15)            Temple (0/1) D:6            Lair (6/6) D:9
 Shoals (4/4) Lair:2        Snake (4/4) Lair:4        Slime (5/5) Lair:6
    Orc (2/2) D:12            Elf (3/3) Orc:2        Vaults (5/5) D:14
  Crypt (0/3) Vaults:2     Depths (5/5) D:15            Zot (0/5) Depths:5
  IceCv (visited)          WizLab (visited)

Shops:
D:7 }[=   D:9 =   D:11 }}[!   D:13 (   Orc:2 *}*[   Elf:2 }   Shoals:1 !
Vaults:5 [   Depths:1 *

Portals:
Hell: Depths:1 Depths:3 Depths:4 Depths:5
Abyss: Depths:1 Depths:3 Depths:4
Pandemonium: Depths:2 Depths:3
Ziggurat: Depths:4

Annotations:
Elf:2 1 runed translucent door, Koushrufu's ghost, adept OpAs
Pan Mennas


Innate Abilities, Weirdness & Mutations

You have an increased reservoir of magic. (+10% MP)
You have a beak for a mouth.
You have a pair of small horns on your head.
You possess an exceptional clarity of mind.
You are clumsy. (Dex -2)
You passively map a small area around you.
Your system is resistant to poisons. (rPois)


Message History

You feel much better. Mennas completely misses you.
Mennas hits you with a +0 eudemon blade of holy wrath!!
* * * LOW HITPOINT WARNING * * *
Unknown command.
Unknown command.
A red film seems to cover your vision as you go berserk!
You feel yourself moving faster!
You feel mighty!
Mennas hits you with a +0 eudemon blade of holy wrath!
* * * LOW HITPOINT WARNING * * *
Mennas hits you with a +0 eudemon blade of holy wrath.
* * * LOW HITPOINT WARNING * * *
Unknown command.
Unknown command.
You feel a strong urge to attack something.
You feel your anger nearly subside.
You are no longer berserk.
You pass out from exhaustion.
You feel yourself slow down.
Mennas hits you with a +0 eudemon blade of holy wrath!!
You die...

.........#
#...# ,
.........#
#...# *
.........#
, ,
...###...#
* ...
#$..# ,
*.. #...#
* * * *
#...# ,, ,
, * #.A.#
, , #.@.#
* , ,
#...# * *
#...# , ,
, #..$# *
#...# * ,
#...#
#...# * ,
#...# * *
,


You could see Mennas (silencing).

Vanquished Creatures
  Cerebov (Pan)
  the Royal Jelly (Slime:5)
  Mnoleg (Pan)
  Gloorx Vloq (Pan)
  2 ancient liches
  Frederick (Depths:3)
  A greater mummy (Depths:4)
  Vashnia (Snake:3)
  Xtahua (Vaults:5)
  6 pandemonium lords (Pan)
  Nikola (Depths:2)
  Jory (Depths:3)
  4 golden dragons
  3 bone dragons
  2 Tzitzimimeh (Pan)
  A hellephant (Abyss:1)
  7 Brimstone Fiends (Pan)
  12 tentacled monstrosities
  2 Ice Fiends
  Rupert (Lair:6)
  4 liches
  Jorgrun (Orc:2)
  Asterion (Vaults:1)
  5 Hell Sentinels
  A quicksilver dragon (Vaults:5)
  3 titans (Vaults:5)
  3 deep elf blademasters
  33 acid blobs
  21 Executioners
  Polyphemus (Shoals:2)
  2 deep elf master archers (Elf:3)
  Agnes (Snake:1)
  A kraken (Shoals:2)
  10 tentacled starspawn
  Frances (Shoals:1)
  3 revenants
  7 shadow dragons
  4 storm dragons
  5 tengu reavers
  Kirke (D:12)
  Donald (Elf:1)
  5 frost giants
  4 warmongers (Pan)
  A draconian monk (Abyss:2)
  17 azure jellies
  9 fire giants
  13 nagarajas
  The ghost of Woidaucle the Devastator, an adept DsWz of Vehumet (Shoals:2)
  5 deep elf sorcerers
  6 deep elf elementalists
  An iron dragon (Depths:4)
  17 balrugs
  17 vault wardens
  An orc warlord (D:12)
  Louise (Shoals:1)
  A draconian scorcher (Depths:5)
  25 cacodemons
  An angel (Pan)
  A juggernaut zombie (Depths:4)
  2 curse skulls (Pan)
  13 ironheart preservers
  A draconian shifter (Depths:5)
  A draconian annihilator (Depths:5)
  20 stone giants
  30 very ugly things
  8 corrupters (Pan)
  6 vampire knights
  4 blood saints (Pan)
  Nessos (Lair:6)
  8 reapers
  A war gargoyle (Depths:2)
  A green draconian (Depths:5)
  7 black suns (Pan)
  5 deep elf demonologists (Elf:3)
  A dire elephant (Lair:6)
  10 deep elf annihilators
  3 red draconians (Depths:5)
  10 lorocyprocas
  A white draconian (Depths:5)
  9 spark wasps
  2 black draconians
  4 eidola
  A crystal guardian (Vaults:2)
  15 green deaths (Pan)
  6 merfolk javelineers
  6 ettins
  10 blizzard demons
  4 deep elf high priests
  8 fire dragons
  12 deep elf death magi
  7 death oozes
  13 great orbs of eyes
  6 jiangshi (Depths:3)
  17 yaktaur captains
  Fannar (D:12)
  14 ogre magi
  8 ice dragons
  10 merfolk impalers
  29 vault guards
  A quicksilver dragon skeleton (Pan)
  Harold (Lair:2)
  Erolcha (D:10)
  3 spriggan air magi (Depths:5)
  13 rakshasas
  7 hydras
  4 merfolk avatars
  24 anacondas
  3 catoblepae
  15 naga warriors
  6 monstrous demonspawn (Pan)
  8 death knights
  8 centaur warriors
  2 hell beasts (Pan)
  25 dancing weapons
  A two-headed ogre (shapeshifter) (Vaults:2)
  3 deep troll shamans
  6 satyrs
  3 death yaks
  34 two-headed ogres
  6 deep troll earth magi
  3 merfolk aquamancers (Shoals:4)
  Urug (Lair:5)
  4 orc high priests
  A queen ant (shapeshifter) (Depths:5)
  18 naga sharpshooters
  8 thrashing horrors
  3 vampire magi (Depths:3)
  6 hell hogs
  Sonja (D:10)
  10 hell knights
  4 shock serpents
  34 soul eaters
  Nergalle (D:12)
  36 sun demons
  21 deep elf knights
  14 shadow wraiths
  23 sixfirhies
  2 titan skeletons
  A storm dragon skeleton (Pan)
  3 spectral anacondas (Depths:2)
  8 sea snakes
  6 skeletal warriors
  7 wizards
  9 flayed ghosts
  5 gelid demonspawn (Pan)
  3 salamander mystics
  A death drake (Depths:2)
  A golden dragon zombie (Depths:4)
  18 shadow demons
  A swamp dragon (shapeshifter) (Abyss:1)
  11 deep trolls
  An anaconda skeleton (Pan)
  9 glowing orange brains
  17 wretched stars
  2 spatial maelstroms
  A kraken simulacrum (Shoals:4)
  3 infernal demonspawn (Pan)
  7 torturous demonspawn (Pan)
  4 unseen horrors
  2 orange crystal statues (Depths:2)
  11 naga ritualists
  A sphinx zombie (Depths:4)
  2 shadow dragon zombies (Depths:4)
  11 deep elf archers
  11 phantasmal warriors
  18 ironbrand convokers
  13 harpies
  2 harpies (shapeshifter)
  An iron dragon zombie (Depths:4)
  67 deep elf magi
  2 golden dragon skeletons
  2 lindwurms (Lair:6)
  A wolf spider (shapeshifter) (Vaults:5)
  5 wolf spiders
  11 mana vipers
  A wolf spider zombie (D:12)
  46 ugly things
  9 necromancers
  13 orc knights
  6 cyclopes
  9 orc sorcerers
  4 oklob plants
  15 manticores
  15 fauns
  4 frost giant zombies (Depths:3)
  9 salamanders
  A manticore (shapeshifter) (Vaults:2)
  9 shining eyes
  6 fire giant zombies
  2 spriggan zombies (Depths:4)
  An elephant (shapeshifter) (Vaults:1)
  2 iron dragon skeletons (Pan)
  2 rust devils
  A moth of wrath (shapeshifter) (Vaults:5)
  10 worldbinders
  Maurice (D:13)
  4 fire giant skeletons
  3 ice statues
  47 black mambas
  3 eyes of devastation
  A water nymph (shapeshifter) (Vaults:1)
  19 vault sentinels
  15 guardian serpents
  14 naga magi
  An apocalypse crab (Abyss:2)
  2 torpor snails
  Joseph (D:10)
  4 water nymphs
  4 merfolk sirens
  60 smoke demons
  30 orange demons
  A gargoyle (D:12)
  A storm dragon simulacrum (Vaults:3)
  A dire elephant skeleton (Pan)
  9 spiny frogs
  6 hellions
  14 efreet
  14 demonic crawlers (Pan)
  9 komodo dragons
  A kobold demonologist (Abyss:2)
  An anaconda simulacrum (Depths:2)
  5 rime drakes
  66 yaktaurs
  8 ancient zymes
  2 ice devils
  3 guardian mummies (Depths:4)
  73 large abominations
  8 tormentors (Pan)
  11 freezing wraiths
  20 red devils
  15 hellwings
  3 trolls
  23 merfolk
  2 polar bears (Lair:6)
  2 polar bears (shapeshifter)
  2 hornets
  A hornet (shapeshifter) (Abyss:1)
  26 raiju
  A wind drake (shapeshifter) (Vaults:4)
  A raiju (shapeshifter) (Vaults:3)
  A blink frog (shapeshifter) (Depths:1)
  3 harpy skeletons (Pan)
  2 wind drakes (Shoals:3)
  A hydra skeleton (Pan)
  3 hippogriffs (shapeshifter)
  134 slime creatures
  9 blink frogs (Lair:6)
  4 snapping turtles
  Grinder (D:3)
  11 hippogriffs
  A fire giant simulacrum (Vaults:1)
  8 dream sheep
  7 flying skulls
  A stone giant simulacrum (Vaults:5)
  34 ynoxinuls
  6 air elementals
  An alligator skeleton (Abyss:1)
  A fire dragon skeleton (Pan)
  A spriggan (shapeshifter) (Abyss:1)
  20 water elementals
  2 fire elementals (Elf:3)
  2 centaur simulacra
  5 wyverns
  18 wraiths
  5 shadows
  2 ice dragon skeletons (Pan)
  2 vampires (Depths:2)
  A black mamba skeleton (Pan)
  28 yaks
  3 hogs
  4 basilisks
  Grum (D:8)
  40 neqoxecs
  7 vampire mosquitoes
  22 golden eyes
  A steam dragon (D:14)
  2 hungry ghosts
  22 chaos spawn
  3 spatial vortices
  51 nagas
  14 wargs
  An acid dragon (Vaults:1)
  A soldier ant (shapeshifter) (Depths:1)
  A soldier ant (D:12)
  A floating eye (shapeshifter) (Vaults:5)
  A hydra simulacrum (Depths:2)
  16 hell hounds
  18 water moccasins
  3 floating eyes
  A hornet zombie (D:15)
  2 spectral spriggans (Depths:2)
  2 spectral trolls (Depths:2)
  10 porcupines
  A swamp drake (Lair:1)
  An ice beast (shapeshifter) (Abyss:2)
  18 ice beasts
  4 phantoms
  30 orc warriors
  13 eyes of draining
  4 sky beasts
  7 human zombies
  43 ogres
  18 wolves
  10 boggarts
  54 starcursed masses
  25 centaurs
  2 necrophages (D:6)
  3 human skeletons
  A snapping turtle skeleton (Abyss:1)
  5 crocodiles
  A swamp dragon skeleton (Pan)
  6 big kobolds
  23 bullfrogs
  2 gnoll sergeants
  A wyvern zombie (D:12)
  2 earth elementals
  A merfolk simulacrum (Depths:2)
  4 wyvern skeletons
  2 spectral nagas (Depths:2)
  7 scorpions
  39 small abominations
  A killer bee (D:6)
  4 spectral ogres (Depths:2)
  A spectral wolf (Depths:3)
  6 wights
  6 howler monkeys
  2 spectral centaurs (Depths:2)
  A troll skeleton (Abyss:1)
  2 centaur zombies
  9 crimson imps
  3 bullfrog zombies
  2 quasits (Abyss:1)
  A gnoll shaman (D:9)
  12 jellies
  Crazy Yiuf (D:3)
  18 orc priests
  10 hounds
  6 iron imps
  2 bullfrog skeletons
  7 centaur skeletons
  6 iguanas
  21 orc wizards
  Natasha (thrice) (D:3)
  7 hell rats (Lair:6)
  2 troll simulacra (Depths:2)
  16 worker ants
  Terence (D:3)
  A hound skeleton (D:6)
  6 mummies (Depths:4)
  3 worker ant zombies
  Robin (D:3)
  22 gnolls
  11 adders
  2 river rats (Lair:1)
  2 naga simulacra (Depths:2)
  A shadow imp (Abyss:1)
  7 white imps
  6 ufetubi
  An ooze (D:3)
  3 adder zombies
  An adder skeleton (D:9)
  2 worms (D:2)
  3 dart slugs
  3 leopard geckos
  105 orcs
  4 bats
  3 giant cockroaches
  9 goblins
  10 hobgoblins
  6 jackals (D:3)
  20 kobolds
  6 quokkas
  2 ball pythons
  5 frilled lizards
  A leopard gecko skeleton (D:4)
  A leopard gecko zombie (D:6)
  12 rats
  2 lurking horrors (Abyss:3)
  4 plants
  7 starspawn tentacles
3235 creatures vanquished.

Vanquished Creatures (collateral kills)
  A slime creature (Depths:1)
1 creature vanquished.

Vanquished Creatures (others)
  An eldritch tentacle (Pan)
  A yaktaur (Vaults:2)
  A slime creature (D:14)
  A human (D:12)
  2 small abominations
  A jelly (D:9)
  21 fungi
  A lurking horror (Abyss:3)
  34 plants
  6 starspawn tentacles
  8 tentacles
77 creatures vanquished.

Grand Total: 3313 creatures vanquished

Notes
Turn   | Place    | Note
-------+----------+-------------------------------------------
     0 | D:1      | Johnny the Demigod Earth Elementalist began the quest for
                  | the Orb.
     0 | D:1      | Reached XP level 1. HP: 14/14 MP: 5/5
   350 | D:1      | Reached skill level 2 in Spellcasting
   406 | D:1      | Reached XP level 2. HP: 20/20 MP: 7/7
  1865 | D:2      | Reached XP level 3. HP: 16/26 MP: 6/8
  2152 | D:3      | Noticed Terence
  2157 | D:3      | Killed Terence
  2168 | D:3      | Noticed Natasha
  2174 | D:3      | Killed Natasha
  2174 | D:3      | Reached skill level 1 in Shields
  2174 | D:3      | Reached XP level 4. HP: 15/33 MP: 5/10
  2204 | D:3      | Noticed Natasha
  2206 | D:3      | Killed Natasha
  2273 | D:3      | Noticed Natasha
  2276 | D:3      | Killed Natasha
  2335 | D:3      | Noticed Robin
  2341 | D:3      | Killed Robin
  2341 | D:3      | Reached XP level 5. HP: 21/38 MP: 9/12
  2346 | D:3      | Noticed Grinder
  2356 | D:3      | Paralysed by Grinder for 2 turns
  2371 | D:3      | Paralysed by Grinder for 5 turns
  2383 | D:3      | Killed Grinder
  2383 | D:3      | Reached skill level 3 in Spellcasting
  2383 | D:3      | Reached skill level 5 in Earth Magic
  2383 | D:3      | Reached XP level 6. HP: 29/45 MP: 2/14
  2595 | D:3      | Found a hide-covered altar of Uskayaw.
  2868 | D:3      | Found a runed translucent door.
  2869 | D:3      | Noticed Crazy Yiuf
  3148 | D:3      | Killed Crazy Yiuf
  3394 | D:4      | Reached XP level 7. HP: 32/50 MP: 8/15
  3587 | D:4      | Learned a level 3 spell: Stone Arrow
  3593 | D:4      | Learned a level 5 spell: Lee's Rapid Deconstruction
  3598 | D:4      | Learned a level 4 spell: Petrify
  3773 | D:5      | Entered Level 5 of the Dungeon
  4439 | D:5      | Reached skill level 4 in Spellcasting
  5260 | D:6      | Found a basalt altar of Yredelemnul.
  5487 | D:6      | Found a staircase to the Ecumenical Temple.
  5503 | D:6      | Reached XP level 8. HP: 43/57 MP: 0/18
  6121 | D:7      | Reached skill level 5 in Spellcasting
  6294 | D:7      | Reached skill level 5 in Shields
  6584 | D:6      | Noticed a centaur warrior
  6589 | D:6      | Reached XP level 9. HP: 62/62 MP: 14/20
  6600 | D:6      | Killed a centaur warrior
  6600 | D:6      | Reached skill level 6 in Spellcasting
  7076 | D:7      | Found Hoib Hum's Food Emporium.
  7123 | D:7      | Found Zoxal's Antique Armour Shoppe.
  7150 | D:7      | Bought a fine troll leather armour for 560 gold pieces
  7160 | D:7      | Identified the cursed +1 troll leather armour of Minor
                  | Irritation {rF+ MR++ Regen+ Slay-3 Stlth+} (You bought it
                  | in a shop on level 7 of the Dungeon)
  7587 | D:7      | Found Eroon's Jewellery Emporium.
  7663 | D:7      | Found Fock's Gadget Shoppe.
  7693 | D:7      | Found Zuewekia's Food Boutique.
  7894 | D:8      | Found a blossoming altar of Fedhas.
  7895 | D:8      | Found a hazy altar of Hepliaklqana.
  7903 | D:8      | Reached skill level 10 in Earth Magic
  8021 | D:8      | Found a sparkling altar of Nemelex Xobeh.
  8190 | D:8      | Reached XP level 10. HP: 69/69 MP: 5/23
  8596 | D:8      | Noticed Grum
  8602 | D:8      | Killed Grum
  8886 | D:8      | Reached skill level 7 in Spellcasting
  9001 | D:8      | Noticed a three-headed hydra
  9006 | D:8      | Killed a three-headed hydra
  9244 | D:7      | Bought a heavily runed cloak for 266 gold pieces
  9254 | D:7      | Identified the cursed -3 cloak "Kiaseagu" {rCorr} (You
                  | bought it in a shop on level 7 of the Dungeon)
  9422 | D:9      | Found a radiant altar of Vehumet.
  9637 | D:9      | Found Majues's Jewellery Shop.
  9760 | D:9      | Found an ornate altar of the Wu Jian Council.
  9815 | D:9      | Found a staircase to the Lair.
 10054 | D:10     | Entered Level 10 of the Dungeon
 10170 | D:10     | Noticed a red ugly thing
 10180 | D:10     | Killed a red ugly thing
 10262 | D:10     | Noticed Joseph
 10265 | D:10     | Killed Joseph
 10265 | D:10     | Reached XP level 11. HP: 74/74 MP: 10/26
 10379 | D:10     | Noticed a vault guard
 10410 | D:10     | Killed a vault guard
 11017 | D:10     | Noticed Sonja
 11019 | D:10     | Killed Sonja
 11492 | D:10     | Found a portal to a secret trove of treasure.
 11588 | D:10     | Noticed Erolcha
 11687 | D:10     | Killed Erolcha
 11687 | D:10     | Reached skill level 8 in Spellcasting
 11870 | D:11     | Found Vurphanu's Antique Armour Boutique.
 12271 | D:11     | Found Bikis's Distillery.
 12274 | D:11     | Bought a potion of heal wounds for 90 gold pieces
 12274 | D:11     | Bought a potion of curing for 54 gold pieces
 12348 | D:11     | Found a glowing silver altar of Zin.
 12348 | D:11     | Found Bahinimp's Gadget Shop.
 12516 | D:11     | Found a white marble altar of Elyvilon.
 12925 | D:11     | Found Hoeddeq's Gadget Shop.
 12927 | D:11     | Noticed a six-headed hydra
 12941 | D:11     | Killed a six-headed hydra
 13195 | D:12     | Noticed Kirke
 13548 | D:12     | Killed Kirke
 13548 | D:12     | Reached XP level 12. HP: 71/81 MP: 8/29
 13665 | D:12     | Reached skill level 9 in Spellcasting
 13904 | D:12     | Noticed Fannar
 14071 | D:12     | Killed Fannar
 14368 | D:12     | Noticed a six-headed hydra
 14377 | D:12     | Killed a seven-headed hydra
 14532 | D:12     | Noticed Nergalle
 14551 | D:12     | Killed Nergalle
 14676 | D:12     | Found a staircase to the Orcish Mines.
 14985 | Orc:1    | Entered Level 1 of the Orcish Mines
 14985 | Orc:1    | Noticed an orc warlord
 14988 | Orc:1    | Reached skill level 10 in Shields
 15388 | Orc:2    | Entered Level 2 of the Orcish Mines
 15601 | Orc:2    | Found a staircase to the Elven Halls.
 15629 | Orc:2    | Noticed Jorgrun
 15665 | Orc:1    | Noticed an orc warlord
 16833 | Orc:1    | Noticed a catoblepas
 16833 | Orc:1    | an orc warlord changed into a catoblepas
 17020 | Orc:1    | Reached XP level 13. HP: 37/86 MP: 17/31
 17174 | Orc:1    | Reached skill level 10 in Spellcasting
 18108 | Orc:2    | Reached skill level 15 in Earth Magic
 18398 | Orc:2    | Found Xaepor's Antique Armour Shop.
 18398 | Orc:2    | Found Plog's General Store.
 18399 | Orc:2    | Found Exennogg's Assorted Antiques.
 18399 | Orc:2    | Found Coseppui's Gadget Shoppe.
 18408 | Orc:2    | Bought a distressingly furry buckler for 275 gold pieces
 18408 | Orc:2    | Bought a pair of encrusted gloves for 275 gold pieces
 18408 | Orc:2    | Bought a runed helmet for 217 gold pieces
 18418 | Orc:2    | Identified the +1 buckler of Cloud Cover {Harm rCorr Dex+9
                  | Stlth-} (You bought it in a shop on level 2 of the Orcish
                  | Mines)
 18423 | Orc:2    | Identified the cursed +0 pair of gloves of Damp Surprise
                  | {rElec rPois rF+++ Int+2} (You bought it in a shop on level
                  | 2 of the Orcish Mines)
 18450 | Orc:2    | Bought a potion of magic for 120 gold pieces
 18554 | D:12     | Killed an orc warlord
 18584 | D:13     | Noticed Maurice
 18586 | D:13     | Killed Maurice
 19633 | D:13     | Found Dofun's Weapon Emporium.
 19636 | D:13     | Bought 16 stones for 24 gold pieces
 21254 | D:14     | Reached skill level 11 in Spellcasting
 21481 | D:14     | Found a gate to the Vaults.
 21892 | D:15     | Entered Level 15 of the Dungeon
 22108 | D:15     | Reached XP level 14. HP: 76/93 MP: 29/34
 22683 | D:15     | Found a staircase to the Depths.
 22942 | Lair:1   | Entered Level 1 of the Lair of Beasts
 23263 | Lair:1   | Reached skill level 12 in Spellcasting
 23984 | Lair:2   | Found a snail-covered altar of Cheibriados.
 24012 | Lair:2   | Found a frozen archway.
 24029 | IceCv    | Entered an ice cave
 24170 | IceCv    | Found a transporter.
 24355 | IceCv    | Found a transporter.
 24471 | Lair:2   | Got a heavily runed iron ring
 24503 | Lair:2   | Identified the ring of Vabemou {+Fly Dex+2} (You found it
                  | on level 2 of the Lair of Beasts)
 24508 | Lair:2   | Got a ripped robe
 24519 | Lair:2   | Identified the +1 robe of Apathy {*Drain Int+5} (You found
                  | it on level 2 of the Lair of Beasts)
 24529 | Lair:2   | Noticed Harold
 24535 | Lair:2   | Killed Harold
 24869 | Lair:2   | Found a staircase to the Shoals.
 25117 | Lair:2   | Got a fine lead ring
 25147 | Lair:2   | Reached skill level 13 in Spellcasting
 25926 | Lair:3   | Identified the ring of Kouzxusasm {rElec rPois rC+ Dex+4}
                  | (You found it on level 2 of the Lair of Beasts)
 26462 | Lair:4   | Found a staircase to the Snake Pit.
 27449 | Lair:5   | Noticed Urug
 27453 | Lair:5   | Killed Urug
 28234 | Lair:6   | Entered Level 6 of the Lair of Beasts
 28235 | Lair:6   | Noticed Nessos
 28239 | Lair:6   | Killed Nessos
 28725 | Lair:6   | Noticed Rupert
 28742 | Lair:6   | Reached skill level 14 in Spellcasting
 28745 | Lair:6   | Killed Rupert
 28966 | Lair:6   | Reached XP level 15. HP: 83/99 MP: 6/38
 29293 | Lair:6   | Found a viscous altar of Jiyva.
 29294 | Lair:6   | Found a staircase to the Slime Pits.
 30316 | D:9      | Bought an uncursed amulet of magic regeneration for 330
                  | gold pieces
 30639 | Orc:2    | Found a roughly hewn altar of Beogh.
 30820 | Orc:2    | Killed Jorgrun
 30820 | Orc:2    | Reached skill level 15 in Spellcasting
 31193 | Elf:1    | Entered Level 1 of the Elven Halls
 31194 | Elf:1    | Noticed Donald
 31197 | Elf:1    | Killed Donald
 32183 | Elf:1    | Reached skill level 16 in Spellcasting
 32232 | Elf:1    | Identified the Volume of Arcane Weapons
 32239 | Elf:1    | Learned a level 3 spell: Mephitic Cloud
 32733 | Elf:2    | Reached skill level 1 in Fighting
 32898 | Elf:2    | Learned a level 6 spell: Iron Shot
 32968 | Elf:2    | Found a runed translucent gate.
 32968 | Elf:2    | Found a runed translucent gate.
 32970 | Elf:2    | Found a runed translucent gate.
 33040 | Elf:2    | Found Kinyd's Gadget Boutique.
 33131 | Elf:2    | Found a runed translucent door.
 33132 | Elf:2    | Noticed Koushrufu's ghost (adept OpAs)
 33679 | Elf:2    | Reached XP level 16. HP: 95/116 MP: 27/42
 33688 | Elf:2    | Noticed a deep elf blademaster
 33691 | Elf:2    | Killed a deep elf blademaster
 33874 | Elf:2    | Reached skill level 17 in Spellcasting
 34195 | Elf:3    | Entered Level 3 of the Elven Halls
 34302 | Elf:3    | Reached skill level 5 in Fighting
 34721 | Elf:3    | Identified the ring "Bofokk" {rPois Dex+4 Stlth-}
 34814 | Elf:3    | Identified the +9 halberd of the Orb {flame, Fragile rPois
                  | rF- Dex+7}
 34814 | Elf:3    | Identified the +1 leather armour of Feam {rN+ Str+2}
 34816 | Elf:3    | Noticed an Ice Fiend
 35113 | Elf:3    | Noticed a deep elf blademaster
 35115 | Elf:3    | Noticed a deep elf master archer
 35116 | Elf:3    | Killed a deep elf blademaster
 35117 | Elf:3    | Killed a deep elf master archer
 35123 | Elf:3    | Noticed a deep elf master archer
 35125 | Elf:3    | Killed a deep elf master archer
 35415 | Elf:3    | Reached skill level 18 in Spellcasting
 35417 | Elf:3    | Noticed a deep elf blademaster
 35419 | Elf:3    | Identified the ring "Opaloac" {rF+ SInv}
 35420 | Elf:3    | Killed a deep elf blademaster
 35864 | Elf:3    | Identified Utupt's Papyrus of Helpful Flight
 35880 | Elf:3    | Got a warped cloak
 36233 | Orc:2    | Bought a jewelled chain mail for 275 gold pieces
 36237 | Orc:2    | Bought a scroll of magic mapping for 108 gold pieces
 36247 | Orc:2    | Bought a scroll of enchant armour for 112 gold pieces
 36507 | Snake:1  | Entered Level 1 of the Snake Pit
 36515 | Snake:1  | Reached XP level 17. HP: 122/134 MP: 29/45
 36515 | Snake:1  | Noticed Agnes
 36665 | Shoals:1 | Entered Level 1 of the Shoals
 37051 | Shoals:1 | Noticed Louise
 37056 | Shoals:1 | Killed Louise
 37164 | Shoals:1 | Found Ebracuk's Distillery.
 37176 | Shoals:1 | Bought a potion of flight for 48 gold pieces
 37176 | Shoals:1 | Bought a potion of curing for 48 gold pieces
 37176 | Shoals:1 | Bought a potion of flight for 48 gold pieces
 37176 | Shoals:1 | Bought a potion of mutation for 128 gold pieces
 37176 | Shoals:1 | Bought a potion of cancellation for 128 gold pieces
 37176 | Shoals:1 | Bought a potion of mutation for 128 gold pieces
 37196 | Shoals:1 | Noticed Frances
 37201 | Shoals:1 | Killed Frances
 37918 | Shoals:2 | Found a runed translucent gate.
 37918 | Shoals:2 | Found a runed translucent gate.
 37918 | Shoals:2 | Found a runed translucent gate.
 37924 | Shoals:2 | Noticed Woidaucle's ghost (adept DsWz)
 37964 | Shoals:2 | Noticed Polyphemus
 38213 | Shoals:2 | Killed Polyphemus
 38869 | Shoals:2 | Identified the +1 cloak "Laadysiw" {rCorr} (You found it on
                  | level 3 of the Elven Halls)
 39041 | Shoals:2 | Killed Woidaucle's ghost
 39108 | Shoals:2 | Got a fine amber ring
 39113 | Shoals:2 | Identified the ring "Seneck" {Dex+4 Slay+4} (You found it
                  | on level 2 of the Shoals)
 39371 | Shoals:3 | Identified the +7 chain mail of Atheism {rElec} (You bought
                  | it in a shop on level 2 of the Orcish Mines)
 39382 | Shoals:3 | Reached skill level 19 in Spellcasting
 40590 | Shoals:4 | Entered Level 4 of the Shoals
 40950 | Shoals:4 | Got a slimy ivory ring
 40952 | Shoals:4 | Identified the ring "Qioqy" {MR+ Str+6} (You found it on
                  | level 4 of the Shoals)
 41435 | Shoals:4 | Reached skill level 10 in Fighting
 41912 | Shoals:4 | Found a bloodstained altar of Trog.
 42200 | Shoals:4 | Got a barnacled rune of Zot
 42536 | Snake:1  | Killed Agnes
 42586 | Snake:1  | Reached XP level 18. HP: 112/147 MP: 25/48
 43348 | Snake:1  | Reached skill level 20 in Spellcasting
 44237 | Snake:2  | You fall into a shaft and drop 1 floor!
 44341 | Snake:3  | Noticed Vashnia
 44345 | Snake:3  | Killed Vashnia
 46024 | Snake:2  | Reached skill level 21 in Spellcasting
 46026 | Snake:2  | Identified the +7 glaive "Vaorutoc" {drain, +Inv MR+ MP+9
                  | Int-3}
 47131 | Snake:4  | Entered Level 4 of the Snake Pit
 47450 | Snake:4  | Found an opulent altar of Gozag.
 47760 | Snake:4  | Reached XP level 19. HP: 56/154 MP: 3/51
 48389 | Snake:4  | Reached skill level 22 in Spellcasting
 48909 | Snake:4  | Got a serpentine rune of Zot
 48973 | Snake:4  | Learned a level 2 spell: Blink
 48978 | Snake:4  | Learned a level 4 spell: Leda's Liquefaction
 49391 | D:11     | Bought a potion of ambrosia for 144 gold pieces
 49391 | D:11     | Bought a potion of haste for 180 gold pieces
 49391 | D:11     | Bought a potion of lignification for 54 gold pieces
 49391 | D:11     | Bought a potion of cancellation for 144 gold pieces
 49391 | D:11     | Bought a potion of mutation for 144 gold pieces
 49391 | D:11     | Bought a potion of cancellation for 144 gold pieces
 49481 | Vaults:1 | Entered Level 1 of the Vaults
 49986 | Vaults:1 | Noticed Asterion
 49995 | Vaults:1 | Killed Asterion
 51093 | Vaults:1 | Reached skill level 23 in Spellcasting
 51847 | Vaults:2 | Found a magical portal.
 51852 | WizLab   | Entered Doroklohe's Tomb
 52834 | Vaults:2 | Reached XP level 20. HP: 161/161 MP: 41/54
 52897 | Vaults:2 | Found a staircase to the Crypt.
 54718 | Vaults:3 | Reached skill level 24 in Spellcasting
 55988 | Vaults:3 | Found a gateway to a bazaar.
 56042 | Bazaar   | Entered a bazaar
 56042 | Bazaar   | Found Bovelo's Magic Scroll Boutique.
 56042 | Bazaar   | Found Dyoghan's Armour Shoppe.
 56042 | Bazaar   | Found Bojoic's Armour Shoppe.
 56043 | Bazaar   | Found Fibb's Jewellery Emporium.
 56043 | Bazaar   | Found Pusuid's Antique Armour Emporium.
 56067 | Bazaar   | Bought the ring of the Empire {Wiz rPois rF+ rN+} for 681
                  | gold pieces
 56070 | Bazaar   | Bought a scroll of teleportation for 36 gold pieces
 56070 | Bazaar   | Bought a scroll of fog for 24 gold pieces
 56070 | Bazaar   | Bought a scroll of identify for 24 gold pieces
 56070 | Bazaar   | Bought a scroll of teleportation for 36 gold pieces
 56070 | Bazaar   | Bought a scroll of teleportation for 36 gold pieces
 56070 | Bazaar   | Bought a scroll of teleportation for 36 gold pieces
 56070 | Bazaar   | Bought a scroll of identify for 24 gold pieces
 56070 | Bazaar   | Bought a scroll of fog for 24 gold pieces
 56080 | Bazaar   | Bought the ring "Linusk" {rElec rPois MP+9 Str+3} for 578
                  | gold pieces
 57907 | Vaults:4 | Reached skill level 25 in Spellcasting
 58065 | Vaults:4 | Reached XP level 21. HP: 168/168 MP: 50/57
 59015 | Vaults:4 | Learned a level 6 spell: Starburst
 59162 | Vaults:5 | Entered Level 5 of the Vaults
 59629 | Depths:1 | Entered Level 1 of the Depths
 59858 | Depths:1 | Found a gateway to Hell.
 60465 | Depths:1 | Found Fuyn's Fabulous Fripperies.
 60483 | Depths:1 | Bought a scroll of fear for 52 gold pieces
 60483 | Depths:1 | Bought a scroll of fog for 30 gold pieces
 60643 | Depths:1 | Found a one-way gate to the infinite horrors of the Abyss.
 61519 | Depths:2 | Reached skill level 26 in Spellcasting
 61526 | Depths:2 | Noticed Nikola
 61537 | Depths:2 | Killed Nikola
 61797 | Depths:2 | Paralysed by a floating eye for 3 turns
 62335 | Depths:2 | Noticed an ancient lich
 62338 | Depths:2 | Killed an ancient lich
 62747 | Depths:2 | Found a one-way gate leading to the halls of Pandemonium.
 63718 | Depths:3 | Reached XP level 22. HP: 174/174 MP: 32/59
 64362 | Depths:3 | Found an ancient bone altar of Kikubaaqudgha.
 64362 | Depths:3 | Noticed Jory
 64372 | Depths:3 | Killed Jory
 64386 | Depths:3 | Paralysed by a vampire knight for 4 turns
 64710 | Depths:3 | Noticed Frederick
 64715 | Depths:3 | Killed Frederick
 64917 | Depths:3 | Reached skill level 27 in Spellcasting
 65122 | Depths:4 | Reached skill level 1 in Conjurations
 65172 | Depths:4 | Found a gateway to a ziggurat.
 66554 | Depths:4 | Reached skill level 5 in Dodging
 66717 | Depths:4 | Reached skill level 5 in Conjurations
 66740 | Depths:4 | Identified the +2 trident of Eternal Harmony {elec, rF+}
 66740 | Depths:4 | Noticed a greater mummy
 66748 | Depths:4 | Killed a greater mummy
 66968 | Depths:5 | Entered Level 5 of the Depths
 66973 | Depths:5 | Reached skill level 1 in Armour
 68348 | Depths:5 | Found a gate to the Realm of Zot.
 68354 | Depths:5 | Reached XP level 23. HP: 125/181 MP: 37/61
 69023 | Depths:1 | Bought a manual of Fire Magic for 1656 gold pieces
 69033 | Depths:1 | Learned a level 9 spell: Fire Storm
 69058 | Depths:1 | Voluntarily entered the Abyss.
 69058 | Abyss:1  | Identified a scroll of acquirement
 69192 | Abyss:1  | Reached skill level 1 in Fire Magic
 69346 | Abyss:1  | Found a corrupted altar of Lugonu.
 69551 | Abyss:1  | Acquired a book of the Tempests
 69564 | Abyss:1  | Learned a level 9 spell: Shatter
 69725 | Abyss:1  | Found a sparkling altar of Nemelex Xobeh.
 70026 | Abyss:1  | Found an ornate altar of the Wu Jian Council.
 70054 | Abyss:1  | Found a blossoming altar of Fedhas.
 70187 | Abyss:1  | Found a corrupted altar of Lugonu.
 70532 | Abyss:1  | Noticed an ancient lich
 70536 | Abyss:1  | Killed an ancient lich
 71776 | Abyss:1  | Got a fading plate armour
 72339 | Abyss:2  | Found a corrupted altar of Lugonu.
 72379 | Abyss:2  | Identified the +8 plate armour of Beogh's Generosity {SInv}
                  | (You found it on level 1 of the Abyss)
 72382 | Abyss:2  | Got a jewelled chain mail
 72383 | Abyss:2  | Identified the +9 chain mail of Distant Worlds {-Tele
                  | Dex+10} (You found it on level 2 of the Abyss)
 72437 | Abyss:2  | Found a corrupted altar of Lugonu.
 72665 | Abyss:2  | Got a jewelled kite shield
 72667 | Abyss:2  | Identified the +1 kite shield of Soituux {Regen+ rCorr
                  | Int+4 Slay+3} (You found it on level 2 of the Abyss)
 72744 | Abyss:2  | Gained mutation: You tend to lose your temper in combat. [a
                  | neqoxec]
 72889 | Abyss:2  | Reached XP level 24. HP: 189/189 MP: 44/61
 72932 | Abyss:2  | Found a burning altar of Makhleb.
 72979 | Abyss:2  | Reached skill level 5 in Fire Magic
 73345 | Abyss:3  | Found a corrupted altar of Lugonu.
 73462 | Abyss:3  | Got an abyssal rune of Zot
 73465 | Abyss:3  | Paralysed by accursed screaming for 1 turns
 73466 | Abyss:3  | HP: 8/189 [thrashing horror (4)]
 73799 | Abyss:3  | Found a corrupted altar of Lugonu.
 73810 | Depths:1 | Escaped the Abyss
 74328 | Vaults:5 | Reached skill level 10 in Fire Magic
 74934 | Vaults:5 | Noticed Xtahua
 75188 | Vaults:5 | Found Ogi Soz's Antique Armour Shoppe.
 75324 | Vaults:5 | Bought a runed scarf for 136 gold pieces
 75324 | Vaults:5 | Bought a pair of glowing boots for 127 gold pieces
 75328 | Vaults:5 | Got a silver rune of Zot
 75337 | Vaults:5 | Bought a twisted chain mail for 161 gold pieces
 75337 | Vaults:5 | Bought a scorched chain mail for 161 gold pieces
 75339 | Vaults:5 | Identified the cursed +1 chain mail of the Past {rPois rC+
                  | Stlth-} (You bought it in a shop on level 5 of the Vaults)
 75340 | Vaults:5 | Identified the +6 chain mail of Space {+Blink} (You bought
                  | it in a shop on level 5 of the Vaults)
 75516 | Vaults:5 | Reached skill level 10 in Conjurations
 75594 | Vaults:5 | Got a dazzling hand axe
 75596 | Vaults:5 | Identified the +3 hand axe of Meugai {antimagic, *Contam
                  | Str+5 Dex+3} (You found it on level 5 of the Vaults)
 75670 | Vaults:5 | Identified the ring "Miala" {+Inv rPois MP+9 Int+3 SInv}
 75960 | Vaults:5 | Identified the +1 great sword "Peruekuu" {vamp, +Fly Str+2
                  | Int+2}
 75988 | Vaults:5 | Killed Xtahua
 76142 | Vaults:5 | Got a smouldering chain mail
 76144 | Vaults:5 | Identified the +1 chain mail of Cusyolaw {Int+2 Stlth+}
                  | (You found it on level 5 of the Vaults)
 77289 | Slime:1  | Entered Level 1 of the Pits of Slime
 77294 | Slime:1  | Reached skill level 5 in Armour
 77299 | Slime:1  | Reached XP level 25. HP: 176/194 MP: 33/61
 78167 | Slime:2  | Learned a level 1 spell: Summon Butterflies
 78170 | Slime:2  | Learned a level 2 spell: Shroud of Golubria
 78178 | Slime:2  | Learned a level 7 spell: Orb of Destruction
 78187 | Slime:2  | Learned a level 8 spell: Lehudib's Crystal Spear
 80308 | Slime:5  | Entered Level 5 of the Pits of Slime
 80470 | Slime:5  | Noticed the Royal Jelly
 80699 | Slime:5  | Killed the Royal Jelly
 81439 | Slime:5  | Gained mutation: You are dopey. (Int -2) [a shining eye]
 81457 | Slime:5  | Reached skill level 10 in Armour
 81959 | Slime:5  | Got a slimy rune of Zot
 81977 | Slime:5  | Got an ancient scale mail
 81979 | Slime:5  | Identified the cursed +1 scale mail of the Storm King {rC-
                  | MR+ rCorr Int+7} (You found it on level 5 of the Pits of
                  | Slime)
 82033 | Slime:5  | Got a faintly humming scale mail
 82034 | Slime:5  | Identified the +3 scale mail "Bauklouc" {MP-9 Str+5 Stlth+}
                  | (You found it on level 5 of the Pits of Slime)
 82042 | Slime:5  | Acquired 770 gold pieces
 82297 | D:7      | Bought a ration for 60 gold pieces
 82297 | D:7      | Bought a ration for 60 gold pieces
 82297 | D:7      | Bought a ration for 60 gold pieces
 82297 | D:7      | Bought a ration for 60 gold pieces
 82297 | D:7      | Bought a ration for 60 gold pieces
 82297 | D:7      | Bought a ration for 60 gold pieces
 82297 | D:7      | Bought a ration for 60 gold pieces
 82297 | D:7      | Bought a ration for 60 gold pieces
 82297 | D:7      | Bought a ration for 60 gold pieces
 82357 | D:7      | Bought a ration for 50 gold pieces
 82357 | D:7      | Bought a ration for 50 gold pieces
 82357 | D:7      | Bought a ration for 50 gold pieces
 82357 | D:7      | Bought a ration for 50 gold pieces
 82357 | D:7      | Bought a ration for 50 gold pieces
 82357 | D:7      | Bought a ration for 50 gold pieces
 82357 | D:7      | Bought a ration for 50 gold pieces
 82357 | D:7      | Bought a ration for 50 gold pieces
 82357 | D:7      | Bought a ration for 50 gold pieces
 82357 | D:7      | Bought a ration for 50 gold pieces
 82357 | D:7      | Bought a ration for 50 gold pieces
 82357 | D:7      | Bought a ration for 50 gold pieces
 82357 | D:7      | Bought a ration for 50 gold pieces
 82357 | D:7      | Bought a ration for 50 gold pieces
 82472 | D:10     | You showed the slimy rune of Zot to enter a treasure trove
 82473 | Trove    | Entered a treasure trove
 82484 | Trove    | Got a faintly glowing wooden ring
 82486 | Trove    | Got a clouded steel ring
 82488 | Trove    | Got a fine lapis lazuli ring
 82490 | Trove    | Got a flickering pewter ring
 82492 | Trove    | Got an ancient silver amulet
 82499 | Trove    | Got a smoking tin ring
 82502 | Trove    | Got a bound platinum ring
 82505 | Trove    | Got a glittering jade ring
 82507 | Trove    | Got a flickering granite ring
 82511 | Trove    | Identified the ring "Noge" {+Inv Int+6 Dex+2} (You found it
                  | in a treasure trove)
 82515 | Trove    | Identified the ring of Kauma {rElec MP+9 Str+6 Stlth+} (You
                  | found it in a treasure trove)
 82516 | Trove    | Identified the ring of the Will of the Gods {rPois rF- MR+
                  | Str+9 Int+6} (You found it in a treasure trove)
 82519 | Trove    | Identified the amulet of Laazas {rPois Regen+ Str+4 SInv}
                  | (You found it in a treasure trove)
 82521 | Trove    | Identified the ring of Poeh {+Fly rN+++ EV+4 Str-4 Dex-3}
                  | (You found it in a treasure trove)
 82527 | Trove    | Identified the ring "Voisueve" {rPois Int+4 Dex+3} (You
                  | found it in a treasure trove)
 82529 | Trove    | Identified the ring of Hosumn {MR+ Int+3 Dex+6} (You found
                  | it in a treasure trove)
 82531 | Trove    | Identified the ring of Moodiness {MR++ Int+6} (You found it
                  | in a treasure trove)
 82533 | Trove    | Identified the ring "Fycaoseu" {rN+ Int+4 Dex+3} (You found
                  | it in a treasure trove)
 82793 | Pan      | Entered Pandemonium
 83347 | Pan      | Lost mutation: You tend to lose your temper in combat. [a
                  | cacodemon]
 83413 | Pan      | Noticed Dejept the pandemonium lord
 83417 | Pan      | Killed Dejept the pandemonium lord
 83766 | Pan      | Gained mutation: You are weak. (Str -2) [a cacodemon]
 83831 | Pan      | Gained mutation: Your spells are a little easier to cast,
                  | but a little less powerful. [a cacodemon]
 83946 | Pan      | Found an exit through the horrors of the Abyss.
 84002 | Pan      | Found an exit through the horrors of the Abyss.
 84275 | Pan      | Reached XP level 26. HP: 191/202 MP: 43/61
 84908 | Pan      | Noticed Qeimaog the pandemonium lord
 84912 | Pan      | Killed Qeimaog the pandemonium lord
 85679 | Pan      | Noticed Teutink the pandemonium lord
 85688 | Pan      | Killed Teutink the pandemonium lord
 85739 | Pan      | Gained mutation: Scrolls take you a little longer to read.
                  | [a neqoxec]
 86513 | Pan      | Gained mutation: Your spells are easier to cast, but less
                  | powerful. [a neqoxec]
 86993 | Pan      | Gained mutation: Your body sometimes deteriorates upon
                  | taking damage. [a neqoxec]
 87062 | Pan      | Gained mutation: You are very dopey. (Int -4) [a neqoxec]
 87487 | Pan      | Got a demonic rune of Zot
 87520 | Pan      | Got an iridescent flail
 87526 | Pan      | Identified the +1 flail "Moedokh" {holy, rF+} (You found it
                  | in Pandemonium)
 87783 | Pan      | Found an exit through the horrors of the Abyss.
 87905 | Pan      | Noticed Lupn the pandemonium lord
 87910 | Pan      | Killed Lupn the pandemonium lord
 87933 | Pan      | Lost mutation: Scrolls take you a little longer to read.
                  | [potion of mutation]
 87933 | Pan      | Lost mutation: You are very dopey. (Int -4) [potion of
                  | mutation]
 87933 | Pan      | Lost mutation: Your body sometimes deteriorates upon taking
                  | damage. [potion of mutation]
 87933 | Pan      | Lost mutation: Your spells are easier to cast, but less
                  | powerful. [potion of mutation]
 87933 | Pan      | Gained mutation: You have a beak for a mouth. [potion of
                  | mutation]
 87933 | Pan      | Gained mutation: You are frail. (-10% HP) [potion of
                  | mutation]
 87933 | Pan      | Gained mutation: You are agile. (Dex +2) [potion of
                  | mutation]
 87933 | Pan      | Gained mutation: Your system is resistant to poisons.
                  | (rPois) [potion of mutation]
 87934 | Pan      | Lost mutation: You are weak. (Str -2) [potion of mutation]
 87934 | Pan      | Lost mutation: Your system is resistant to poisons. (rPois)
                  | [potion of mutation]
 87934 | Pan      | Lost mutation: You are dopey. (Int -2) [potion of mutation]
 87934 | Pan      | Gained mutation: You occasionally shout uncontrollably at
                  | your foes. [potion of mutation]
 87934 | Pan      | Gained mutation: You do not regenerate when monsters are
                  | visible. [potion of mutation]
 87934 | Pan      | Gained mutation: You have sharp toenails. [potion of
                  | mutation]
 87959 | Pan      | Entered the realm of Mnoleg.
 87981 | Pan      | Noticed Mnoleg
 87984 | Pan      | HP: 5/141 [acid (8)]
 88006 | Pan      | Paralysed by a great orb of eyes for 6 turns
 88267 | Pan      | Lost mutation: You do not regenerate when monsters are
                  | visible. [potion of mutation]
 88267 | Pan      | Lost mutation: You are frail. (-10% HP) [potion of
                  | mutation]
 88267 | Pan      | Gained mutation: You are partially covered in molten
                  | scales. (AC +2) [potion of mutation]
 88267 | Pan      | Gained mutation: You are partially covered in icy blue
                  | scales. (AC +2) [potion of mutation]
 88267 | Pan      | Lost mutation: You are agile. (Dex +2) [potion of mutation]
 88267 | Pan      | Lost mutation: Your spells are a little easier to cast, but
                  | a little less powerful. [potion of mutation]
 88548 | Pan      | Killed Mnoleg
 88554 | Pan      | Gained mutation: Armour fits poorly on your strangely
                  | shaped body. [a neqoxec]
 88555 | Pan      | Gained mutation: You do not regenerate when monsters are
                  | visible. [a neqoxec]
 88579 | Pan      | Reached skill level 15 in Armour
 88631 | Pan      | Paralysed by a floating eye for 2 turns
 88803 | Pan      | Got a glowing rune of Zot
 88939 | Pan      | Lost mutation: You do not regenerate when monsters are
                  | visible. [potion of mutation]
 88939 | Pan      | Lost mutation: You occasionally shout uncontrollably at
                  | your foes. [potion of mutation]
 88939 | Pan      | Gained mutation: Scrolls take you a little longer to read.
                  | [potion of mutation]
 88939 | Pan      | Gained mutation: You expend magic power (3 MP) to
                  | strengthen your wands. [potion of mutation]
 88940 | Pan      | Lost mutation: Armour fits poorly on your strangely shaped
                  | body. [potion of mutation]
 88940 | Pan      | Lost mutation: You expend magic power (3 MP) to strengthen
                  | your wands. [potion of mutation]
 88940 | Pan      | Lost mutation: You have sharp toenails. [potion of
                  | mutation]
 88940 | Pan      | Gained mutation: Your spells are a little harder to cast,
                  | but a little more powerful. [potion of mutation]
 88941 | Pan      | Lost mutation: Your spells are a little harder to cast, but
                  | a little more powerful. [potion of mutation]
 88941 | Pan      | Lost mutation: Scrolls take you a little longer to read.
                  | [potion of mutation]
 88941 | Pan      | Lost mutation: You are partially covered in icy blue
                  | scales. (AC +2) [potion of mutation]
 88941 | Pan      | Gained mutation: You can translocate small distances at
                  | will. [potion of mutation]
 88941 | Pan      | Gained mutation: You evolve. [potion of mutation]
 88942 | Pan      | Lost mutation: You are partially covered in molten scales.
                  | (AC +2) [potion of mutation]
 88942 | Pan      | Lost mutation: You can translocate small distances at will.
                  | [potion of mutation]
 88942 | Pan      | Lost mutation: You evolve. [potion of mutation]
 88942 | Pan      | Gained mutation: Your system is resistant to poisons.
                  | (rPois) [potion of mutation]
 88942 | Pan      | Gained mutation: You have a pair of small horns on your
                  | head. [potion of mutation]
 88942 | Pan      | Gained mutation: You possess an exceptional clarity of
                  | mind. [potion of mutation]
 89480 | Pan      | Entered the realm of Gloorx Vloq.
 89568 | Pan      | Reached XP level 27. HP: 209/209 MP: 61/61
 90118 | Pan      | Got a fading falchion
 90245 | Pan      | Noticed Gloorx Vloq
 91244 | Pan      | Killed Gloorx Vloq
 91262 | Pan      | Got a dark rune of Zot
 91657 | Pan      | Gained mutation: You are clumsy. (Dex -2) [a neqoxec]
 91685 | Pan      | Noticed Garetaah the pandemonium lord
 91690 | Pan      | HP: 5/209 [hellion/damnation (12)]
 91710 | Pan      | Found an exit through the horrors of the Abyss.
 91984 | Pan      | Entered the realm of Cerebov.
 93252 | Pan      | Identified the +6 sword of Cerebov {flame}
 93252 | Pan      | Noticed Cerebov
 93262 | Pan      | Killed Cerebov
 93301 | Pan      | Identified Fupp's Volume of the Feathery Blaze
 93313 | Pan      | Identified the ring "Layt" {+Fly rN+ Int+4}
 93328 | Pan      | Got a translucent brass ring
 93339 | Pan      | Identified the +2 falchion "Fazasch" {drain, MR+++ Int-2
                  | Dex+6} (You found it in Pandemonium)
 93342 | Pan      | Identified the ring "Joedezywn" {+Fly rPois Str+4} (You
                  | found it in Pandemonium)
 93346 | Pan      | Identified the +6 lajatang of Inquiry {protect, +Blink rF+
                  | rN+}
 93409 | Pan      | Got a crystal falchion
 93461 | Pan      | Got a fiery rune of Zot
 93841 | Pan      | Noticed Kohu the pandemonium lord
 93846 | Pan      | Killed Kohu the pandemonium lord
 94018 | Pan      | Reached skill level 10 in Dodging
 94227 | Pan      | Learned a level 8 spell: Controlled Blink
 94285 | Pan      | Reached skill level 1 in Translocations
 94546 | Depths:2 | Escaped Pandemonium
 94609 | Depths:1 | Bought a manual of Fighting for 1656 gold pieces
 94675 | Pan      | Entered Pandemonium
 94675 | Pan      | Found an exit through the horrors of the Abyss.
 94702 | Pan      | Noticed Axidgh the pandemonium lord
 94708 | Pan      | Killed Axidgh the pandemonium lord
 94718 | Pan      | Gained mutation: You passively map a small area around you.
                  | [a neqoxec]
 94924 | Pan      | Entered the realm of Lom Lobon.
 94936 | Pan      | Found an exit through the horrors of the Abyss.
 94949 | Pan      | Identified the cursed +0 robe of the Eternal Fruit {Str+3
                  | Int+4}
 94949 | Pan      | Noticed Mennas
 94985 | Pan      | Slain by Mennas

Illustrated notes

Levels and vault maps discovered:
D:1:      onia_arrival_handbag, layout_basic
D:2:      layout_basic
D:3:      layout_basic, nicolae_overflow_crystal_walls, uniq_robin,
          uniq_crazy_yiuf_cottage, uniq_natasha, uniq_grinder, uniq_terence
D:4:      layout_cave_pools, first_ration
D:5:      layout_layer_cave
D:6:      minmay_klotski, layout_basic, minmay_temple_entry_large_hall,
          hangedman_abyss_or_decor_stabs, yredelemnul_altar_generic
D:7:      layout_basic, serial_shops, shop_statue, shop_statue,
          kennysheep_little_box, nicolae_shop_window_shopping,
          nicolae_shop_stone, minivault_24
D:8:      layout_loops_ring, chequers_temple_overflow_statue_of_worship,
          hangedman_ranch [blue_anna_fruit_fields], grunt_ministairs_11,
          serial_bayou_pond_c, st_stairs_3, uniq_grum
D:9:      layout_roguey, old_standard_altar, fiery_altar_vehumet,
          lair_entry_dummy, serial_shops,
          nicolae_shop_temple_entry_statues_fountains, lemuel_old_faithful
D:10:     layout_basic, enter_trove_5, uniq_joseph, uniq_erolcha, uniq_sonja
D:11:     layout_roguey, basic_altar, serial_shops, shop, shop, shop_statue,
          nicolae_shop_behind_doors, elyvilon_altar_3
D:12:     layout_rooms, orc_0_dummy, uniq_kirke, uniq_fannar, uniq_nergalle
D:13:     layout_loops_ring, serial_shops, kennysheep_mini, minivault_27,
          uniq_maurice
D:14:     layout_cave_pods, erik_vaults_1, roderic_roman_lattice
D:15:     grunt_enter_depths_snipers, layout_basic, hex_tiny,
          hangedman_abyss_or_decor_stagger
Lair:1:   layout_long_grid, pond
Lair:2:   cheibrodos_lair_river_kwai, layout_regular_city, shoals_dummy_entry,
          portal_ice_cave_entry_ice_beasts, basic_altar, uniq_harold
Lair:3:   layout_cave_pods, minivault_25
Lair:4:   layout_roguey, minmay_snake_entry_six_corridors
Lair:5:   layout_loops_ring, minmay_lair_oklob_chamber, uniq_urug
Lair:6:   hangedman_lair_in_review, layout_long_grid, slime_altar_1,
          cheibrodos_lair_lostbears, uniq_nessos, uniq_rupert
Shoals:1: layout_shoals, serial_shops, nicolae_shop_behind_doors, uniq_louise,
          uniq_frances
Shoals:2: layout_shoals, ebering_ghost_davey_jones, centaur_isle,
          uniq_polyphemus
Shoals:3: layout_shoals, ldierk_geyser
Shoals:4: shoals_end_grunt_ice, layout_shoals, ldierk_geyser, lemuel_oklob_altar
Snake:1:  layout_grid_maze, serial_bayou_shore_b, uniq_agnes
Snake:2:  layout_rooms
Snake:3:  layout_cave_town, grunt_ministairs_11, uniq_vashnia
Snake:4:  grunt_snake_rune_serpentine_throne, layout_basic, basic_altar,
          st_stairs_13
Slime:1:  layout_caves
Slime:2:  nicolae_slime_jelly_donut, layout_caves,
          cheibrodos_slime_lost_civilization_4
Slime:3:  layout_caves
Slime:4:  layout_caves, nicolae_slime_welcoming_committee
Slime:5
Orc:1:    layout_caves, elves_outpost_lemuel
Orc:2:    st_orc_elflike, layout_diamond_mine, basic_altar, special_room,
          uniq_jorgrun
Elf:1:    minmay_elf_arrival_plus, layout_geoelf_grid, serial_co_window_serial,
          co_window_corner_a, co_window_paths_b, co_window_paths_a,
          co_window_corner_a, co_window_paths_b, co_window_of_opportunity_a,
          co_window_unsneaky_path_a, co_window_2corner, co_window_corner_ca,
          co_window_2corner, glass_columns_b, glass_columns_a, glass_columns_c,
          glass_columns_b, minmay_elf_annihilation, corexii_checkpoint_b,
          kennysheep_underground_church, uniq_donald
Elf:2:    layout_onion_city, serial_shops, shop, gammafunk_ghost_grave
Elf:3:    elf_hall_gauntlet_narrow, layout_loops_cross
Vaults:1: st_squares, hangedman_vaults_stream, nicolae_vaults_little_squares_1,
          vaults_room_ringed_pool, v_misc_31, nicolae_vaults_little_squares_6,
          nicolae_vaults_twisting_passages, hangedman_vaults_slice,
          grunt_vaults_funnel, ontoclasm_vaults_fault, vaults_room_pools,
          layout_vaults_chaotic_city, uniq_asterion
Vaults:2: nicolae_vaults_network_barrier, nicolae_vaults_triangles, v_rooms_1,
          hangedman_vaults_stitches, vaults_room_boxed, vaults_dpeg_spiral,
          blue_anna_dwarven_crypt, nicolae_vaults_alarming,
          nicolae_vaults_specimen_jars, layout_vaults_omnibox,
          infiniplex_enter_wizlab_spiral
Vaults:3: v_misc_13, grunt_vaults_swirl, nicolae_vaults_rhombus_6, v_misc_2,
          ontoclasm_vaults_idyll, nicolae_vaults_back_hallway, v_misc_33,
          vaults_standard_mumra_enter_the_diamond, grunt_vaults_focal,
          nicolae_vaults_know_your_exits, nicolae_vaults_little_squares_3,
          layout_vaults_maze_snakey, serial_shops, statue_bzr
Vaults:4: ontoclasm_vaults_chip, ontoclasm_vaults_ligature, v_misc_15,
          nicolae_vaults_murderbox, vaults_dpeg_diagonal, vaults_room_fours,
          ontoclasm_vaults_pinch, vaults_dpeg_ring, vaults_room_pools,
          layout_vaults_omnigrid
Vaults:5: serial_shops, uniq_xtahua
Depths:1: layout_cave_pools, hell_entry, grunt_decor_cap, abyss_entry,
          nicolae_alphabet_shops, nrook_loot_triangle, minmay_misc_feat_columns,
          minmay_misc_feat_enclosed, minivault_11, serial_bayou_crossing
Depths:2: lemuel_river_lethe, hell_entry, pan_entry, uniq_nikola,
          uniq_saint_roka
Depths:3: lemuel_vampire_tower, layout_gridlike, rand_demon_pan_entry_1,
          chequers_serial_rivers_micro_c, abyss_entry, hell_entry,
          wad_floor_pattern_1, uniq_jory, uniq_frederick
Depths:4: lemuel_minitomb, layout_basic, enter_ziggurat_f, abyss_entry,
          hell_entry, hangedman_decor_peaks_small
Depths:5: grunt_zot_entry_funnels, layout_small_grid, serial_co_window_serial,
          co_window_paths_a, co_window_of_opportunity_a, co_window_cross_1,
          co_window_corner_a, co_window_paths_a, co_window_corner_a,
          co_window_paths_a, co_window_paths_a, co_window_of_opportunity_a,
          co_window_unsneaky_path_a, glass_columns_a, pf_hell_entry_great_geh
Pan:      evilmike_mini_pan_layers, layout_irregular_city,
          evilmike_mini_pan_corridor, layout_gridville, lemuel_hall_of_pain,
          layout_irregular_city, pan_blood_fountain_small,
          nicolae_pan_gloorx_vloqian_4, evilmike_mini_pan_corner,
          layout_small_grid, rand_demon_6, layout_gridlike,
          nicolae_pan_glass_arcs, layout_gridlike, reaverb_pan_figure_eight,
          nicolae_pan_gloorx_vloqian_2, mnoleg_grunt_wretched_star,
          layout_onion_city, gammafunk_dig_for_victory, layout_basic,
          evilmike_mini_pan_pillars_b, layout_chambers, gloorx_vloq_grunt,
          layout_grid_shapes, grunt_pan_zigzag, layout_stronghold,
          pan_blood_fountain, evilmike_mini_pan_corner, layout_basic,
          rand_demon_9, layout_pan_divisions_a [pan_division_quadrant_a5,
          pan_division_quadrant_a1, pan_division_quadrant_a6,
          pan_division_quadrant_a6, pan_division_octagon_halves], cerebov,
          layout_cellular_growth, nicolae_pan_diamonds, layout_cellular_growth,
          pan_blood_fountain_small, lemuel_hellion_island, layout_onion_city,
          rand_demon_6, layout_chambers, pan_blood_fountain, rand_demon_8,
          layout_rooms, pan_blood_fountain_2, nicolae_pan_giant_door,
          layout_gridville, nicolae_pan_sigil_nadil,
          nicolae_pan_gloorx_vloqian_2, lom_lobon_spiral_st, layout_long_grid,
          uniq_mennas_pan

Skill      XL: |  1  2  3  4  5  6  7  8  9 10 11 12 13 14 15 16 17 18 19 20 21 22 23 24 25 26 27 |
---------------+----------------------------------------------------------------------------------+-----
Spellcasting   | 2 3 4 5 6 7 8 9 11 14 16 18 19 21 23 25 26 27 | 27.0
Earth Magic    | 3 4 5 7 8 10 11 13 14 16 19 21 22 24 25 | 25.3
Shields        | 1 2 3 4 5 6 7 9 10 11 | 11.0
Fighting       | 3 7 10 | 10.4
Dodging        | 5 10 | 10.2
Conjurations   | 8 9 11 13 | 13.4
Armour         | 4 5 11 15 | 15.8
Fire Magic     | 4 11 | 11.6
Translocations | 4 |  4.6
Stealth        | |  1.7
Transmutations | |  0.8

Action                   |  1- 3 |  4- 6 |  7- 9 | 10-12 | 13-15 | 16-18 | 19-21 | 22-24 | 25-27 || total
-------------------------+-------+-------+-------+-------+-------+-------+-------+-------+-------++-------
Melee: Unarmed           |     3 |       |       |       |       |       |       |       |       ||     3
       Short sword       |    44 |       |       |       |       |       |       |       |       ||    44
       Falchion          |     5 |    54 |   156 |   255 |   150 |       |       |       |       ||   620
       Staff             |       |       |       |       |       |     8 |    25 |    29 |    12 ||    74
       Peck              |       |       |       |       |       |       |       |       |     2 ||     2
       Headbutt          |       |       |       |       |       |       |       |       |     1 ||     1
Throw: Stone             |       |       |       |       |       |     2 |     5 |     2 |    11 ||    20
 Cast: Sandblast         |    29 |    26 |    69 |   109 |   245 |    64 |    31 |    62 |    45 ||   680
       Stone Arrow       |       |       |    20 |    93 |   150 |     8 |       |       |     5 ||   276
       Lee's Rapid Decon |       |       |    17 |   100 |   226 |   275 |   289 |   248 |   107 ||  1262
       Petrify           |       |       |       |    15 |    14 |    26 |     6 |       |     1 ||    62
       Iron Shot         |       |       |       |       |    10 |   206 |   375 |   476 |   736 ||  1803
       Blink             |       |       |       |       |       |       |     7 |     6 |     6 ||    19
       Shatter           |       |       |       |       |       |       |       |    22 |    21 ||    43
       Lehudib's Crystal |       |       |       |       |       |       |       |       |    26 ||    26
Evoke: Wand              |     4 |     6 |     3 |    21 |    19 |       |     5 |       |     4 ||    62
       Lightning rod     |       |       |       |       |       |     4 |    11 |     6 |     5 ||    26
       Phial of floods   |       |       |       |       |       |       |     1 |     1 |       ||     2
       Box of beasts     |       |       |       |       |       |       |     1 |       |     1 ||     2
  Use: Potion            |       |     2 |     3 |     1 |     1 |     3 |    11 |    19 |    27 ||    67
       Scroll            |       |       |     3 |    17 |    23 |    13 |    15 |    25 |    21 ||   117
 Stab: Sleeping          |     2 |     1 |     4 |    10 |     2 |       |       |       |       ||    19
       Petrified         |       |       |       |     6 |       |       |       |       |       ||     6
       Petrifying        |       |       |       |     1 |       |       |       |       |       ||     1
       Distracted        |       |       |       |       |     1 |       |       |       |       ||     1
  Eat: Chunk             |     4 |     4 |    21 |    31 |    41 |    27 |    28 |     9 |       ||   165
       Ration            |       |       |       |     4 |     5 |     5 |     6 |    11 |    16 ||    47
Armor: Robe              |    11 |    10 |    33 |       |    51 |    49 |    64 |    70 |    46 ||   334
       Troll leather arm |       |       |    30 |   196 |   110 |       |       |       |       ||   336
       Skin              |       |       |    14 |    11 |       |       |       |       |       ||    25
Dodge: Dodged            |    35 |    52 |   115 |   255 |   194 |   138 |   131 |   211 |   217 ||  1348
       Repelled          |       |       |       |       |     2 |    66 |    35 |    28 |    30 ||   161
Block: Buckler           |     4 |    15 |    53 |   172 |   204 |   122 |   121 |   131 |   128 ||   950
       Rpst.: Falchion   |     3 |    21 |    39 |    61 |    53 |       |       |       |       ||   177
